 Dungeon Crawl Stone Soup version 0.31-a0-145-g046c7d2549 (webtiles) character file.

Game seed: 12478702273485285212

72 hikkokomori the Slasher (level 3, 0/45 HPs)
             Began as a Demigod Gladiator on June 7, 2023.
             Slain by a gnoll
             ... wielding a +0 halberd
              (4 damage)
             ... on level 3 of the Dungeon.
             The game lasted 00:05:06 (2346 turns).

hikkokomori the Slasher (Demigod Gladiator)         Turns: 2346, Time: 00:05:06

Health: 0/45       AC:  4    Str: 15    XL:     3   Next: 80%
Magic:  3/7        EV: 12    Int: 14    God:
Gold:   163        SH:  0    Dex: 15    Spells: 1/4 levels left

rFire   . . .        a - +0 long sword
rCold   . . .        (no shield)
rNeg    . . .        b - +0 leather armour
rPois   .            c - +0 helmet
rElec   .            (no cloak)
rCorr   .            (no gloves)
SInv    +            (no boots)
Will    .....        (no amulet) Stlth
                     l - ring of see invisible
HPRegen 0.27/turn    (no ring)
MPRegen 0.10/turn

%: no passive effects
@: berserking, very slightly contaminated, very quick
A: high MP 1, forlorn, divine attributes
a: no special abilities


You were on level 3 of the Dungeon.
You visited 1 branch of the dungeon, and saw 3 of its levels.

You collected 163 gold pieces.

Inventory:

Hand Weapons
 a - a +0 long sword (weapon)
Missiles
 d - 3 throwing nets
 e - 3 javelins
Armour
 b - a +0 leather armour (worn)
 c - a +0 helmet (worn)
 q - a +2 leather armour of cold resistance
Jewellery
 l - a ring of see invisible (left hand)
Scrolls
 f - a scroll of noise {unknown}
 g - a scroll of amnesia
 i - a scroll of enchant weapon {unknown}
 m - a scroll of blinking
 o - a scroll of vulnerability {unknown}
 r - a scroll of fog {unknown}
 s - a scroll of teleportation {unknown}
Potions
 h - a potion of resistance {unknown}
 j - a potion of lignification {unknown}
 k - a potion of degeneration
 p - a potion of curing {unknown}
 t - a potion of invisibility {unknown}


   Skills:
 + Level 2.4 Fighting
 + Level 3.1 Long Blades
 - Level 1.7 Throwing
 - Level 2.7 Dodging
 + Level 1.4 Stealth
 - Level 1.1 Spellcasting
 + Level 0.7 Earth Magic


You had one spell level left.
You knew the following spells:

 Your Spells              Type           Power      Damage    Failure   Level
a - Sandblast             Erth           6%         2d5       24%         1
b - Passwall              Tmut/Erth      0%         N/A       38%         2

Your spell library contained the following spells:

 Spells                   Type           Power      Damage    Failure   Level
 Scorch                   Fire           0%         2d5       43%         2
 Stone Arrow              Conj/Erth      2%         3d7       63%         3
 Flame Wave               Conj/Fire      0%         2d4       97%         4
 Summon Cactus Giant      Summ           0%         N/A       100%        6


Dungeon Overview and Level Annotations

Branches:
Dungeon (3/15)


Innate Abilities, Weirdness & Mutations

You have an increased reservoir of magic. (+10% MP)
You shall have no god before yourself.
Your divine heritage dramatically boosts your attributes as you level up.


Message History

You kill the kobold!
You can't see any susceptible monsters within range! (Use Z to cast anyway.)
Your magical contamination has completely faded away.
Things that are here:
a +0 dagger; 4 stones; a kobold corpse
Found a long sword.
You see here a +0 long sword.
Found a leather armour.
You see here a +0 leather armour.
You see here a rat skeleton.
A gnoll comes into view. It is wielding a +0 halberd.
A gnoll is nearby!
The gnoll shouts!
You hear a shout! x2
The blast of sand hits the gnoll.
The gnoll is lightly wounded.
You miscast Sandblast.
You are very lightly contaminated with residual magic.
Nothing appears to happen.
The gnoll hits you from afar with a +0 halberd!
The blast of sand hits the gnoll.
The gnoll is moderately wounded.
The gnoll barely misses you.
The gnoll hits you from afar with a +0 halberd!
You are too injured to fight recklessly!
You are too injured to fight recklessly!
Unknown command.
Casting: Sandblast (safe; 24% risk of failure)
Confirm with . or Enter, or press ? or * to list all spells.
Aiming: Sandblast (safe; 24% risk of failure)
Press: ? - help, Shift-Dir - straight line, f/p - gnoll
Aim: a gnoll, wielding a +0 halberd (moderately wounded, 83% to hit)
You miscast Sandblast.
Nothing appears to happen.
The gnoll hits you from afar with a +0 halberd!
* * * LOW HITPOINT WARNING * * *
Unknown command.
A gnoll comes into view. It is wielding a +0 whip.
A red film seems to cover your vision as you go berserk!
You feel yourself moving faster!
You feel mighty!
The gnoll hits you from afar with a +0 halberd.
You die...

.......#..#...[..< #.##
#....####.###
##.##.#....####.#
..##.#.........#
g.##.....>########
#.####...## #. #g# #...#
#. #.# #.(.# #.
.##.##@####...########.
#...............รท.....#.
##......................
#...........>..........
......######...######...
##..#. #...######...
#..#. #............ .. #.
#...#####..##
#......##..##


You could see 2 gnolls.

Vanquished Creatures
  An adder (D:2)
  A worm (D:2)
  5 dart slugs
  3 ball pythons
  7 endoplasms
  3 giant cockroaches
  5 hobgoblins
  A jackal (D:2)
  5 kobolds
  3 quokkas
  10 bats
  A frilled lizard (D:1)
  A rat (D:3)
46 creatures vanquished.

Notes
Turn   | Place    | Note
-------+----------+-------------------------------------------
     0 | D:1      | hikkokomori the Demigod Gladiator began the quest for the
                  | Orb.
     0 | D:1      | Reached XP level 1. HP: 17/17 MP: 3/3
   203 | D:1      | Reached XP level 2. HP: 15/24 MP: 5/5
   205 | D:1      | Learned a level 1 spell: Sandblast
   907 | D:1      | Reached skill level 3 in Long Blades
  1031 | D:2      | Reached skill level 1 in Stealth
  1192 | D:2      | Reached XP level 3. HP: 22/29 MP: 2/6
  1263 | D:2      | Reached skill level 1 in Spellcasting
  1946 | D:2      | Learned a level 2 spell: Passwall
  2346 | D:3      | Slain by a gnoll

Illustrated notes

Levels and vault maps discovered:
D:1:      dpeg_arrival_water_temple_mockup, layout_basic, interstate_on_off
D:2:      layout_basic, st_stairs_4, minmay_tetromino_i2
D:3:      layout_loops_cross, shapermc_ecumenical_altar_mp_urbaneastern,
          serial_shops, nicolae_shop_tiny_statue_garden

Skill      XL: |  1  2  3 |
---------------+----------+-----
Fighting       | 2 |  2.4
Long Blades    | 3 |  3.1
Stealth        | 1 |  1.4
Spellcasting   | 1 |  1.1
Throwing       | |  1.7
Dodging        | |  2.7
Earth Magic    | |  0.7

Action                     || total
---------------------------++-------
  Melee: Long sword        ||   101
         Punch             ||     1
  Throw: Throwing net      ||     1
   Cast: Sandblast         ||    45
    Use: Scroll            ||     4
         Potion            ||     1
   Stab: Sleeping          ||     1
 Armour: Leather armour    ||    53
  Dodge: Dodged            ||   101

Table legend: (Time is in decaauts)
 A = Elapsed time spent in this place.
 B = Non-inter-level travel time spent in this place.
 C = Inter-level travel time spent in this place.
 D = Time resting spent in this place.
 E = Time spent auto-exploring this place.
 F = Levels seen in this place.
 G = Mean time per level.
                   A        B        C        D        E       F      G
               +--------+--------+--------+--------+--------+-----+--------+
         Total |   2394 |   2365 |     29 |    129 |   1776 |   3 |  798.0 |
       Dungeon |   2394 |   2365 |     29 |    129 |   1776 |   3 |  798.0 |
               +--------+--------+--------+--------+--------+-----+--------+

Top non-repeatable levels by time:
     D:2: 1033 daAuts
     D:1: 962 daAuts
     D:3: 397 daAuts
